 Dungeon Crawl Stone Soup version 0.29.1-4-g47bece8355 (webtiles) character file.

Game seed: 13311213160632328267

48 mester the Caller (level 4, 0/34 HPs)
             Began as a Meteoran Summoner on Dec 1, 2022.
             Slain by a goblin
             ... wielding a +0 dagger
             ... led by Robin
              (1 damage)
             ... on level 2 of the Dungeon.
             The game lasted 00:09:58 (981 turns).

mester the Caller (Meteoran Summoner)                Turns: 981, Time: 00:09:59

Health: 0/34       AC:  2    Str: 10    XL:     4   Next: 18%
Magic:  2/10       EV: 12    Int: 18    God:
Gold:   60         SH:  0    Dex: 14    Spells: 3/9 levels left

rFire   . . .      SeeInvis .   e - +0 spear
rCold   . . .      Faith    .   (no shield)
rNeg    . . .      Spirit   .   a - +0 robe
rPois   .          Reflect  .   (no helmet)
rElec   .          Harm     .   (no cloak)
rCorr   .          Rampage  .   (no gloves)
Will    .....                   (no boots)
Stlth   +.........              (no amulet)
HPRegen 0.11/turn               (no ring)
MPRegen 0.12/turn               (no ring)

@: glowing
A: sense surroundings 1, otherworldly, glowing, explore regen
a: no special abilities


You were on level 2 of the Dungeon.
You visited 1 branch of the dungeon, and saw 2 of its levels.

You collected 60 gold pieces.

Inventory:

Hand Weapons
 e - a +0 spear (weapon)
Armour
 a - a +0 robe (worn)
Scrolls
 c - a scroll of immolation {unknown}
 d - a scroll of fog {unknown}
 f - a scroll of identify {unknown}
 g - a scroll of fear {unknown}
Potions
 b - a potion of magic


   Skills:
 + Level 0.4 Fighting
 + Level 0.4 Polearms
 + Level 2.6 Dodging
 + Level 1.5 Stealth
 + Level 3.4 Spellcasting
 + Level 5.6 Summonings


You had 3 spell levels left.
You knew the following spells:

 Your Spells              Type           Power      Damage    Failure   Level
a - Summon Small Mammal   Summ           92%        N/A       1%          1
b - Call Imp              Summ           23%        N/A       2%          2
c - Call Canine Familiar  Summ           23%        N/A       4%          3

Your spell library contained the following spells:

 Spells                   Type           Power      Damage    Failure   Level
 Summon Guardian Golem    Hex/Summ       13%        N/A       14%         3
 Summon Lightning Spire   Summ/Air       13%        N/A       43%         4


Dungeon Overview and Level Annotations

Branches:
Dungeon (2/15) Zot: 183

Altars:

Annotations:
D:2 Robin


Innate Abilities, Weirdness & Mutations

You passively map a small area around you.
You are easily found by Zot.
You glow in the dark.
You regain HP and MP as you explore.


Message History

Roots grab your hound.
Robin is unaffected.
The grasping roots grab you!
The grasping roots constrict your hound.
The grasping roots constrict you.
Your hound closely misses Robin.
The goblin hits you with a +0 dagger.
Your crimson imp completely misses the goblin.
You hear a shout!
You closely miss the goblin.
Your hound bites Robin.
Robin hits your hound with a +0 short sword.
The grasping roots constrict your hound.
The grasping roots constrict you. The goblin completely misses you.
Your hound bites Robin.
Your crimson imp blinks!
The goblin barely misses you.
Robin hits your hound with a +0 short sword.
The grasping roots constrict your hound.
Your hound dies!
Your hound's corpse disappears in a puff of smoke!
The grasping roots constrict you.
You barely miss the goblin. The grasping roots constrict you.
The goblin hits you with a +0 dagger.
Casting: Call Imp (safe; 2% risk of failure)
Confirm with . or Enter, or press ? or * to list all spells.
Your crimson imp blinks!
Robin hits you with a +0 short sword.
* * * LOW HITPOINT WARNING * * *
The grasping roots constrict you.
* * * LOW HITPOINT WARNING * * *
The goblin hits you with a +0 dagger.
* * * LOW HITPOINT WARNING * * *
The grasping roots release their grip on you.
Unknown command.
Casting: Call Canine Familiar (dangerous; 4% risk of failure)
Confirm with . or Enter, or press ? or * to list all spells.
Your hound disappears in a puff of smoke!
Your crimson imp hits Robin.
Robin hits you with a +0 short sword.
* * * LOW HITPOINT WARNING * * *
Something closely misses your hound. The goblin hits you with a +0 dagger.
You die...

##.#
#......##....##†##.#.
#.#
#......##....##.##)#.
#.#
*######.#......#.##...
* ,,
#.....#....#.#.####. *
* #.#####....#<#.####.
,#...# #(...###.##.#.
#.#####.#
####.....##...
#.....§g# #.######.##
*,#.#####@# #.# #.## ,
, ,#5g.# ,,..# #...
#h### , #### #### #..
, #. #### * ###. #...
#.## #... ####


You could see Robin (ally target), a goblin (ally target), a friendly hound
(summoned) and a friendly crimson imp (summoned).

Vanquished Creatures
  A ball python (D:2)
  An endoplasm (D:1)
  A goblin (D:2)
  3 jackals (D:1)
  A quokka (D:2)
  A bat (D:2)
  A kobold (D:2)
9 creatures vanquished.

Vanquished Creatures (collateral kills)
  An adder (D:2)
  A worm (D:2)
  A dart slug (D:1)
  2 ball pythons (D:1)
  5 bats
  2 giant cockroaches (D:1)
  A goblin (D:2)
  A hobgoblin (D:2)
  A jackal (D:1)
  A kobold (D:2)
  2 quokkas (D:1)
  A frilled lizard (D:1)
19 creatures vanquished.

Grand Total: 28 creatures vanquished

Notes
Turn   | Place    | Note
-------+----------+-------------------------------------------
     0 | D:1      | mester the Meteoran Summoner began the quest for the Orb.
     0 | D:1      | Reached XP level 1. HP: 14/14 MP: 5/5
    57 | D:1      | Reached skill level 5 in Summonings
   107 | D:1      | Reached XP level 2. HP: 18/20 MP: 6/6
   116 | D:1      | Learned a level 2 spell: Call Imp
   295 | D:1      | Reached XP level 3. HP: 17/26 MP: 6/8
   499 | D:1      | Glimpsed the power of Zot.
   899 | D:2      | Reached XP level 4. HP: 30/34 MP: 5/10
   903 | D:2      | Learned a level 3 spell: Call Canine Familiar
   974 | D:2      | Noticed Robin
   981 | D:2      | HP: 1/34 [Robin/+0 short sword (2)]
   981 | D:2      | Slain by a goblin

Illustrated notes

Levels and vault maps discovered:
D:1:      dpeg_arrival_leaves_temple_mockup, layout_loops_ring,
          shapermc_ecumenical_altar_mp_vishouse
D:2:      layout_basic, serial_bayou, serial_bayou_shore_a, serial_bayou_lake_a,
          serial_bayou_crossing, serial_bayou_pond_d, minmay_misc_feat_ornament,
          uniq_robin

Skill      XL: |  1  2 |
---------------+-------+-----
Summonings     | 5 |  5.6
Spellcasting   | 3 |  3.4
Fighting       | |  0.4
Polearms       | |  0.4
Dodging        | |  2.6
Stealth        | |  1.5

Action                   |  1- 3 |  4- 6 || total
-------------------------+-------+-------++-------
Melee: Unarmed           |     1 |       ||     1
       Spear             |    25 |     7 ||    32
 Cast: Summon Small Mamm |    15 |       ||    15
       Call Imp          |    11 |     1 ||    12
       Call Canine Famil |       |     3 ||     3
Armor: Robe              |    28 |     4 ||    32
Dodge: Dodged            |    48 |     4 ||    52
